 Dungeon Crawl Stone Soup version 0.26.1-2-gb8aa6d0cf2 (webtiles) character file.

Game seed: 11991092418545309272

224 hawla the Conjurer (level 5, -1/38 HPs)
             Began as a Draconian Conjurer on Feb 22, 2021.
             Slain by an iguana (3 damage)
             ... on level 4 of the Dungeon.
             The game lasted 00:06:13 (3656 turns).

hawla the Conjurer (Draconian Conjurer)             Turns: 3656, Time: 00:06:15

Health: -1/38      AC:  7    Str:  9    XL:     5   Next: 67%
Magic:  0/9        EV: 12    Int: 20    God:
Gold:   146        SH:  5    Dex:  9    Spells: 3/10 levels left

rFire    . . .     SeeInvis .   (no weapon)
rCold    . . .     Faith    .   (no shield)
rNeg     . . .     Spirit   .   (armour unavailable)
rPois    .         Reflect  +   (helmet restricted)
rElec    .         Harm     .   m - +1 cloak
rCorr    +         Rampage  .   (no gloves)
Will     .....                  (no boots)
Stlth    ++........             a - amulet of reflection
HPRegen  0.12/turn              d - ring of resist corrosion
MPRegen  0.11/turn              (no ring)

@: no status effects
A: unfitting armour, cold-blooded, AC +5
a: no special abilities


You were on level 4 of the Dungeon.
You visited 1 branch of the dungeon, and saw 4 of its levels.

You collected 146 gold pieces.

Inventory:

Missiles
 c - 19 poisoned darts
 h - 5 javelins
Armour
 m - a +1 cloak (worn)
Jewellery
 a - an amulet of reflection (around neck)
 d - a ring of resist corrosion (left hand)
Scrolls
 g - 2 scrolls of teleportation
 j - a scroll of fear
 l - 2 scrolls of remove curse
 o - a scroll of amnesia
Potions
 b - 2 potions of haste
 e - a potion of brilliance
 f - a potion of lignification
 k - a potion of attraction {unknown}


   Skills:
 - Level 1.7 Dodging
 - Level 1.7 Stealth
 + Level 3.3 Spellcasting
 * Level 5.8 Conjurations
 * Level 2.1 Translocations


You had 3 spell levels left.
You knew the following spells:

 Your Spells              Type           Power        Failure   Level
a - Magic Dart            Conj           100%         1%          1
b - Searing Ray           Conj           52%          1%          2
c - Iskenderun's Mystic   Conj/Tloc      19%          26%         4

Your spell library contained the following spells:

 Spells                   Type           Power        Failure   Level
 Dazzling Flash           Conj/Hex       28%          13%         3
 Fulminant Prism          Conj/Hex       7%           38%         4


Dungeon Overview and Level Annotations

Branches:
Dungeon (4/15)
 Temple: D:4-7

Altars:
Elyvilon
Gozag
Nemelex Xobeh
Ru


Innate Abilities, Weirdness & Mutations

Your plain brown scales are hard. (AC +5)
You cannot fit into any form of body armour.
You are cold-blooded and may be slowed by cold attacks.


Message History

Aim: an iguana (almost dead, 0% to evade)
The magic dart hits the iguana but does no damage.
The iguana is almost dead.
The iguana bites you!
* * * LOW HITPOINT WARNING * * *
It was a potion of brilliance.
You feel clever all of a sudden. The iguana bites you!
* * * LOW HITPOINT WARNING * * *
It was a potion of lignification.
You turn into a tree.
Your +1 cloak melds into your body.
Your roots penetrate the ground.
The iguana bites you but does no damage.
It was a potion of cancellation.
Your magical effects are unravelling.
You feel magically purged.
You feel less wooden.
Your +1 cloak unmelds from your body.
You feel a little less clever now. The iguana bites you.
You die...

*,,,,,,,...,,,,PP,** *,,*
***,,***#..***..#,,***,,*****
*,,*###..###..##.,,**,,,,,*
*,,,#......).....,,*,,,,*,,
*,,,#............,,*,,,,*,,
*,,,+......).....,,,,,,,*,,
*,,*#.....#*,,*****,,,,,**,
*,,*#....l##,,*,,,,,,,,,,*,
*>,*#...†.@#,,*,,,,,,,,,,*,
***#.......#,,*,,,,,,,,,,*,
#......##*+*,,,,,,,,,,*,
#.######,,,,,,,,,,,,,,*,
****#.,,,,,*,,,,,,,,*******,
*,,,.*,,,,,*,,,,*+***,,,,,,,
*,,,,*,,,,,,,,,,+,,,,,,,,,,,
*,,,,****+,,,,,,*,,**,,,**,,
*,,,,*,,,,,,_,,,*,,**,,,**,,


You could see an iguana.

Vanquished Creatures
  An orc priest (D:4)
  Natasha (D:4)
  2 worker ants
  5 adders
  An ooze (D:2)
  3 worms
  6 dart slugs
  A leopard gecko (D:2)
  An orc (D:3)
  10 goblins
  7 hobgoblins
  2 jackals (D:2)
  A ball python (D:3)
  3 bats
  2 frilled lizards
  5 kobolds
  5 rats
56 creatures vanquished.

Notes
Turn   | Place    | Note
-------+----------+-------------------------------------------
     0 | D:1      | hawla the Draconian Conjurer began the quest for the Orb.
     0 | D:1      | Reached XP level 1. HP: 14/14 MP: 3/3
   294 | D:1      | Reached XP level 2. HP: 20/20 MP: 0/5
   301 | D:1      | Learned a level 2 spell: Searing Ray
   696 | D:1      | Found a sparkling altar of Nemelex Xobeh.
  1284 | D:2      | Reached XP level 3. HP: 26/26 MP: 2/6
  1600 | D:2      | Found a white marble altar of Elyvilon.
  1731 | D:2      | Reached skill level 5 in Conjurations
  1830 | D:2      | Reached XP level 4. HP: 15/33 MP: 0/8
  1835 | D:2      | Learned a level 4 spell: Iskenderun's Mystic Blast
  2061 | D:2      | Found an opulent altar of Gozag.
  2724 | D:3      | Found a sacrificial altar of Ru.
  2733 | D:3      | Reached skill level 1 in Translocations
  3053 | D:3      | Reached XP level 5. HP: 32/38 MP: 0/9
  3573 | D:4      | Noticed Natasha
  3576 | D:4      | Killed Natasha
  3656 | D:4      | Slain by an iguana

Illustrated notes

Levels and vault maps discovered:
D:1:      minmay_arrival_five_plusses, layout_basic, serial_forest,
          infiniplex_forest_straight_1, infiniplex_forest_end_3,
          infiniplex_forest_lined_room_2, infiniplex_forest_diagonal,
          infiniplex_forest_straight_3, minmay_door_square,
          kennysheep_flooded_box
D:2:      layout_basic, general_overflow_altar, elyvilon_altar_1
D:3:      layout_loops_cross, overflow_temple_1_default
D:4:      layout_gridville, yredelemnul_altar_generic, kiku_gazebo_pond_becter,
          okawaru_gym_becter, serial_forest, infiniplex_forest_clump_curved,
          infiniplex_forest_diagonal, infiniplex_forest_lined_room_,
          infiniplex_forest_clump_curved, infiniplex_forest_lined_3,
          infiniplex_forest_corner_1, infiniplex_forest_lined_3, serial_shops,
          nicolae_shop_overgrown_old_shop, hangedman_abyss_or_decor_lesser_grid,
          uniq_natasha, uniq_ijyb

Skill      XL: |  1  2  3  4  5 |
---------------+----------------+-----
Conjurations   | 5 |  5.8
Spellcasting   | 3 |  3.3
Translocations | 1 2 |  2.1
Dodging        | |  1.7
Stealth        | |  1.7

Action                   |  1- 3 |  4- 6 || total
-------------------------+-------+-------++-------
Melee: Unarmed           |    27 |    30 ||    57
       Tailslap          |     3 |       ||     3
 Cast: Magic Dart        |    20 |    16 ||    36
       Searing Ray       |    22 |    17 ||    39
  Use: Scroll            |     5 |     3 ||     8
       Potion            |       |     3 ||     3
Armor: Skin              |     6 |     7 ||    13
Dodge: Dodged            |    20 |    18 ||    38
Block: Other             |    11 |     8 ||    19
       Reflection        |     1 |     1 ||     2
